 Dungeon Crawl Stone Soup version 0.30-a0-210-g01b79a254e (webtiles) character file.

Game seed: 1557761357735707598

17271 sleeves the Protected (level 12, 0/100 HPs)
             Began as an Armataur Wanderer on Oct 4, 2022.
             Was a High Priest of Okawaru.
             Slain by Gastronok (27 damage)
             ... on level 2 of the Lair of Beasts.
             The game lasted 00:33:42 (17528 turns).

sleeves the Protected (Armataur Wanderer)          Turns: 17528, Time: 00:33:43

Health: 0/100      AC: 21    Str: 13    XL:     12   Next: 17%
Magic:  17/19      EV:  7    Int: 22    God:    Okawaru [*****.]
Gold:   868        SH:  0    Dex: 12    Spells: 11/11 levels left

rFire   . . .      SeeInvis .    a - +3 quarterstaff
rCold   + . .      Faith    +    (shield currently unavailable)
rNeg    . . .      Spirit   .    F - +0 scale mail
rPois   .          Reflect  .    M - +0 hat of Fortification {Will+}
rElec   +          Harm     .    t - +0 cloak
rCorr   .          Roll     +    p - +0 pair of gloves
Will    ++...                    H - +0 barding
Stlth   ++........               C - amulet of faith
HPRegen 0.36/turn                B - ring of Puolust {rElec rC+ Str-4 Int+6}
MPRegen 0.16/turn                S - ring of willpower

@: heroic
A: large, rugged brown scales 3, deformed body, armoured tail, roll, long
tongue, awkward tongue
a: Renounce Religion, Heroism, Finesse, Duel


You were on level 2 of the Lair of Beasts.
You worshipped Okawaru.
Okawaru was extremely pleased with you.
You visited 3 branches of the dungeon, and saw 14 of its levels.
You also visited: Bailey.

You collected 868 gold pieces.

Inventory:

Hand Weapons
 a - a +3 quarterstaff (weapon)
Missiles
 D - a throwing net
 J - 2 atropa-tipped darts {god gift}
 P - 3 boomerangs of dispersal
 Q - 22 poisoned darts
 R - 10 boomerangs (quivered)
 Y - 3 silver javelins {god gift}
 Z - 6 javelins
Armour
 p - a +0 pair of gloves (worn)
   (You found it on level 3 of the Dungeon)
 t - a +0 cloak (worn)
   (You found it on level 3 of the Dungeon)
 v - a +2 helmet
   (You took it off Robin on level 3 of the Dungeon)
 F - a +0 scale mail (worn)
   (You took it off an orc on level 4 of the Dungeon)
 H - a +0 barding (worn)
   (You found it on level 5 of the Dungeon)
 M - the +0 hat of Fortification (worn) {Will+}
   (You found it on level 10 of the Dungeon)

   Will:      It increases your willpower.
Magical Staves
 g - a staff of air
   (You found it on level 1 of the Dungeon)
Jewellery
 j - an amulet of guardian spirit
   (You found it on level 1 of the Lair of Beasts)
 B - the ring of Puolust (left hand) {rElec rC+ Str-4 Int+6}
   (You acquired it in a bailey)

   [ring of intelligence]

   Str:       It affects your strength (-4).
   Int:       It affects your intelligence (+6).
   rC:        It protects you from cold.
   rElec:     It insulates you from electricity.
 C - an amulet of faith (around neck)
   (You found it on level 5 of the Dungeon)
 G - a ring of ice
   (You found it on level 10 of the Dungeon)
 S - a ring of willpower (right hand)
   (You took it off a gnoll bouda on level 7 of the Dungeon)
 T - a ring of wizardry
   (You found it on level 8 of the Dungeon)
Wands
 K - a wand of roots (6)
   (You found it on level 6 of the Dungeon)
 L - a wand of digging (10)
   (You found it on level 10 of the Dungeon)
 W - a wand of acid (6)
   (You found it on level 9 of the Dungeon)
 X - a wand of flame (43)
   (You found it on level 9 of the Dungeon)
Scrolls
 b - 2 scrolls of enchant armour {unknown}
 e - 6 scrolls of amnesia
 h - a scroll of summoning {unknown}
 i - a scroll of acquirement
 m - 2 scrolls of vulnerability {unknown}
 r - a scroll of poison {unknown}
 x - 2 scrolls of magic mapping
 y - 3 scrolls of brand weapon
 A - a scroll of immolation {unknown}
 E - a scroll of torment {unknown}
 I - 2 scrolls of blinking
 O - 2 scrolls of enchant weapon
 V - a scroll of silence {unknown}
Potions
 c - a potion of resistance {unknown}
 d - 2 potions of might
 f - a potion of attraction {unknown}
 k - 2 potions of cancellation
 l - 6 potions of curing
 n - 6 potions of brilliance
 o - a potion of berserk rage
 q - 6 potions of heal wounds
 s - a potion of mutation
 u - a potion of haste
 w - a potion of lignification {unknown}
 z - a potion of invisibility
 N - a potion of flight {unknown}
 U - a potion of magic {unknown}


   Skills:
 - Level 5.6(10.6) Fighting
 - Level 10.3(15.3) Staves
 + Level 8.9(13.9) Throwing
 - Level 11.5(16.5) Armour
 - Level 2.1(7.1) Stealth
 + Level 9.7 Invocations


You had 11 spell levels left.
You didn't know any spells.
Your spell library contained the following spells:

 Spells                   Type           Power      Damage    Failure   Level
 Magic Dart               Conj           0%         1d3       43%         1
 Sting                    Tmut/Pois      0%         1d3       43%         1
 Ensorcelled Hibernation  Hex/Ice        0%         N/A       56%         2
 Passwall                 Tmut/Erth      0%         N/A       56%         2
 Poisonous Vapours        Pois/Air       0%         N/A       56%         2
 Sublimation of Blood     Necr           0%         N/A       56%         2
 Gell's Gravitas          Tloc           0%         N/A       80%         3
 Lesser Beckoning         Tloc           0%         N/A       80%         3
 Mephitic Cloud           Conj/Pois/Air  0%         N/A       80%         3
 Swiftness                Air            0%         N/A       80%         3
 Teleport Other           Tloc           0%         N/A       80%         3
 Leda's Liquefaction      Hex/Erth       0%         N/A       99%         4
 Olgreb's Toxic Radiance  Pois           0%         N/A       99%         4
 Petrify                  Tmut/Erth      0%         N/A       99%         4
 Irradiate                Conj/Tmut      0%         3d11      100%        5
 Lee's Rapid Deconstruct  Erth           0%         3d5*      100%        5
 Statue Form              Tmut/Erth      0%         N/A       100%        6
 Call Imp                 Summ           Unusable   N/A       N/A         2

Dungeon Overview and Level Annotations

Branches:
Dungeon (11/15)            Temple (1/1) D:7            Lair (2/5) D:10
    Orc (0/2) D:9          Bailey (visited)
  Swamp: Lair:2-3    Shoals: Lair:2-3     Snake: Lair:2-3    Spider: Lair:2-3

Altars:
Ashenzari
Cheibriados
Dithmenos
Elyvilon
Fedhas
Gozag
Hepliaklqana
Kikubaaqudgha
Makhleb
Nemelex Xobeh
Okawaru
Qazlal
Ru
Sif Muna
Trog
Uskayaw
Vehumet
Wu Jian
Xom
Yredelemnul
Zin
The Shining One

Shops:
D:5 [   D:6 [

Annotations:
D:3 3 runed translucent doors, Darkkill's ghost, amateur HuHu; zishaf's ghost, amateur TeAE
D:6 exclusion: downstairs
D:7 exclusion: 2 electric eels
Lair:2 Gastronok


Innate Abilities, Weirdness & Mutations

You are completely covered in rugged brown scales. (AC +3, +7% HP)
Armour fits poorly on your strangely shaped body.
You have a long armoured tail.
You roll when moving toward enemies. (Rampage)
Your long tongue fully drains potion bottles. (2x potion effects)
Your tongue gives you trouble enunciating. (1.5x scroll delay)


Message History

Okawaru accepts your kill. The dream sheep bites you!
* * * LOW HITPOINT WARNING * * *
You closely miss the dream sheep. The dream sheep closely misses you.
You hit the dream sheep.
The dream sheep is lightly wounded.
The dream sheep completely misses you.
You hit the dream sheep.
The dream sheep is moderately wounded.
The dream sheep bites you but does no damage.
You sock the dream sheep!
Your tail-slap misses the dream sheep.
The dream sheep is almost dead.
You barely miss the dream sheep.
The dream sheep is almost dead.
The dream sheep barely misses you.
You hit the dream sheep.
The dream sheep is almost dead.
The dream sheep ruffles its wool and motes of dream dust sparkle, to no effect.
You hit the dream sheep.
Your tail-slap misses the dream sheep.
The dream sheep is almost dead.
The dream sheep bites you but does no damage.
You hit the dream sheep but do no damage.
The dream sheep is almost dead.
You completely miss the dream sheep.
The dream sheep is almost dead.
The dream sheep bites you but does no damage.
You hit the dream sheep.
The dream sheep is almost dead.
The dream sheep bites you but does no damage.
You hit the dream sheep.
You kill the dream sheep!
Okawaru accepts your kill.
Your Throwing skill increases to level 8!
You start resting.
There is a staircase to the Lair, spattered with blood here.
You start resting.
HP restored.
There is a staircase to the Lair, spattered with blood here.
Unknown command.
You climb downwards.
Welcome back to the Lair of Beasts!
You feel a wave of frost pass over you.
There is an entrance to an ice cave on this level.
Hurry and find it before the portal melts!
You hear the steady crackling of a very distant melting archway.
The bullfrog hits you but does no damage.
The dream sheep bites you but does no damage.
The bullfrog hits you but does no damage.
There is a staircase back to the Dungeon, spattered with blood here.
Unknown command.
You barely miss the dream sheep.
Your tail-slap misses the dream sheep.
The bullfrog hits you but does no damage.
The dream sheep closely misses you.
The dream sheep bites you but does no damage.
You hit the dream sheep.
Your tail-slap misses the dream sheep.
The dream sheep is lightly wounded.
The bullfrog hits you but does no damage.
The dream sheep bites you but does no damage. x2
You sock the dream sheep!
Your tail-slap misses the dream sheep.
The dream sheep is heavily wounded.
The bullfrog hits you but does no damage.
The dream sheep bites you but does no damage. x2
The bullfrog hits you but does no damage.
You hit the dream sheep.
The dream sheep is severely wounded.
The bullfrog hits you but does no damage.
You barely miss the dream sheep.
The dream sheep is severely wounded.
The dream sheep bites you but does no damage.
The dream sheep bites you.
The bullfrog hits you but does no damage.
You sock the dream sheep!
You kill the dream sheep!
Okawaru accepts your kill. The bullfrog barely misses you.
The dream sheep bites you but does no damage.
You sock the dream sheep!
The dream sheep is severely wounded.
The bullfrog hits you but does no damage.
The dream sheep ruffles its wool and motes of dream dust sparkle, to no effect.
You thump the dream sheep!
You kill the dream sheep!
Okawaru accepts your kill.
The bullfrog hits you but does no damage.
You thump the bullfrog!
The bullfrog is heavily wounded.
The bullfrog hits you but does no damage.
The bullfrog barely misses you.
You barely miss the bullfrog.
The bullfrog is heavily wounded.
The bullfrog hits you but does no damage.
You sock the bullfrog!
The bullfrog is almost dead.
The bullfrog hits you but does no damage.
You closely miss the bullfrog. You tail-slap the bullfrog.
The bullfrog is almost dead.
The bullfrog hits you.
You completely miss the bullfrog.
Your tail-slap misses the bullfrog.
The bullfrog is almost dead.
The bullfrog hits you but does no damage.
You miss the bullfrog. You tail-slap the bullfrog.
You kill the bullfrog!
Okawaru accepts your kill.
No target in view!
Q - 20 poisoned darts (gained 1)
Q - 22 poisoned darts (gained 2)
Found a stone staircase leading down.
A bullfrog comes into view.
The bullfrog croaks.
You hear an angry hiss.
A bullfrog comes into view.
There are monsters nearby!
You roll towards the bullfrog!
A water moccasin comes into view.
The water moccasin hisses angrily.
The bullfrog croaks.
You hear a loud, deep croak!
You roll towards the bullfrog!
You closely miss the bullfrog.
The bullfrog hits you but does no damage.
The bullfrog hits you.
You hit the bullfrog.
Your tail-slap misses the bullfrog.
The bullfrog is lightly wounded.
The bullfrog hits you but does no damage.
The bullfrog hits you.
You hit the bullfrog.
The bullfrog is moderately wounded.
The bullfrog hits you but does no damage. x2
You sock the bullfrog!
The bullfrog is severely wounded.
The bullfrog hits you but does no damage.
The bullfrog barely misses you.
You hit the bullfrog. You tail-slap the bullfrog.
You kill the bullfrog!
Okawaru accepts your kill.
The water moccasin bites you but does no damage.
The bullfrog hits you but does no damage.
You closely miss the water moccasin. You tail-slap the water moccasin.
The water moccasin is lightly wounded.
The water moccasin bites you but does no damage.
The bullfrog hits you.
The water moccasin bites you but does no damage.
You barely miss the water moccasin.
The water moccasin is lightly wounded.
The bullfrog hits you but does no damage.
The water moccasin bites you but does no damage.
The bullfrog hits you but does no damage.
You sock the water moccasin!
The water moccasin is heavily wounded.
The water moccasin bites you but does no damage.
The bullfrog hits you.
You barely miss the water moccasin. You tail-slap the water moccasin.
The water moccasin is heavily wounded.
The bullfrog hits you but does no damage.
The water moccasin bites you.
You hit the water moccasin.
The water moccasin is severely wounded.
The bullfrog hits you but does no damage.
The water moccasin barely misses you.
You closely miss the water moccasin.
The water moccasin is severely wounded.
The bullfrog barely misses you.
The water moccasin bites you but does no damage.
You hit the water moccasin.
Your tail-slap misses the water moccasin.
The water moccasin is severely wounded.
The bullfrog barely misses you.
The water moccasin bites you but does no damage.
The bullfrog hits you.
You sock the water moccasin!
You kill the water moccasin!
Okawaru accepts your kill.
The bullfrog hits you but does no damage.
You hit the bullfrog.
The bullfrog is lightly wounded.
The bullfrog hits you but does no damage.
You miss the bullfrog.
The bullfrog is lightly wounded.
The bullfrog barely misses you.
You sock the bullfrog!
The bullfrog is heavily wounded.
The bullfrog hits you but does no damage.
You hit the bullfrog.
The bullfrog is severely wounded.
The bullfrog barely misses you.
You closely miss the bullfrog.
The bullfrog is severely wounded.
You hear the steady crackling of a very distant melting archway.
The bullfrog hits you.
The bullfrog hits you but does no damage.
You hit the bullfrog but do no damage.
The bullfrog is severely wounded.
The bullfrog closely misses you.
You sock the bullfrog!
You kill the bullfrog!
Okawaru accepts your kill.
Your Invocations skill increases to level 9!
No target in view!
A cane toad comes into view.
A cane toad is nearby!
A cane toad is nearby!
A cane toad is nearby!
You throw a boomerang. The cane toad croaks.
The boomerang hits the cane toad!
The cane toad is moderately wounded.
You throw a boomerang.
The boomerang barely misses the cane toad.
You throw a boomerang. The boomerang hits the cane toad!
The cane toad is severely wounded.
You throw a boomerang. The boomerang hits the cane toad.
The cane toad is severely wounded.
You throw a boomerang. The boomerang hits the cane toad.
The cane toad is almost dead.
You sock the cane toad!
You kill the cane toad!
Okawaru accepts your kill.
No target in view!
You hear the quick crackling of a very distant melting archway.
HP restored.
Things that are here:
a cane toad corpse; a bullfrog corpse A bullfrog comes into view.
The bullfrog croaks.
A bullfrog is nearby!
A bullfrog is nearby!
A bullfrog is nearby!
Unknown command.
Unknown command.
You throw a boomerang.
The boomerang closely misses the bullfrog.
You throw a boomerang.
The boomerang barely misses the bullfrog.
You throw a boomerang.
The boomerang closely misses the bullfrog.
You throw a boomerang. The boomerang hits the bullfrog.
The bullfrog is moderately wounded.
The bullfrog hits you but does no damage.
You barely miss the bullfrog.
The bullfrog is moderately wounded.
The bullfrog hits you but does no damage.
You closely miss the bullfrog.
Your tail-slap misses the bullfrog.
The bullfrog is moderately wounded.
The bullfrog hits you but does no damage.
The bullfrog completely misses you.
You sock the bullfrog!
The bullfrog is severely wounded.
The bullfrog hits you but does no damage.
You sock the bullfrog!
You kill the bullfrog!
Okawaru accepts your kill.
No target in view!
You hear the quick crackling of a very distant melting archway.
Found 5 large rocks and a dagger. 2 wolves come into view.
The wolf howls! x2; You hear a howl!
A wolf comes into view.
A komodo dragon comes into view.
There are monsters nearby!
A wolf comes into view.
The wolf howls!
A wolf comes into view.
The wolf bites you. The wolf bites you but does no damage.
The wolf attacks as you move away! The wolf barely misses you.
The wolf completely misses you. The wolf bites you but does no damage.
The wolf attacks as you move away! The wolf bites you but does no damage.
The wolf bites you.
The wolf howls!
The wolf bites you but does no damage. x2
The wolf attacks as you move away! The wolf bites you.
A wolf comes into view.
The wolf bites you.
There is a staircase back to the Dungeon, spattered with blood here.
The wolf howls!
You hit the wolf.
Your tail-slap misses the wolf.
The wolf is lightly wounded.
The wolf bites you but does no damage. x2; The wolf bites you!
The wolf howls!
The wolf bites you but does no damage. x2; The wolf barely misses you.
You climb upwards.
Welcome back to the Dungeon!
There is a staircase to the Lair, spattered with blood here.
You completely miss the wolf.
Your tail-slap misses the wolf.
The wolf is lightly wounded.
The wolf bites you but does no damage. x3; The wolf bites you.
The wolf bites you but does no damage. x2
You thump the wolf!
The wolf is heavily wounded.
The wolf barely misses you. The wolf bites you but does no damage.
The wolf bites you.
You hit the wolf.
The wolf is severely wounded.
The wolf bites you but does no damage. x2; The wolf bites you.
The wolf bites you but does no damage.
You thump the wolf!
You kill the wolf!
Okawaru accepts your kill. The wolf bites you but does no damage.
The wolf bites you.
The wolf bites you but does no damage. x2
You thump the wolf!
The wolf is moderately wounded.
The wolf bites you but does no damage. x2
You hit the wolf.
You tail-slap the wolf, but do no damage.
The wolf is moderately wounded.
The wolf closely misses you. The wolf bites you but does no damage.
The wolf completely misses you.
You sock the wolf!
The wolf is almost dead.
The wolf bites you but does no damage. x3
You barely miss the wolf.
The wolf is almost dead.
The wolf barely misses you. x2
You barely miss the wolf.
The wolf is almost dead.
The wolf completely misses you. The wolf bites you but does no damage.
The wolf barely misses you.
You closely miss the wolf.
The wolf is almost dead.
The wolf bites you but does no damage. x2
You hit the wolf.
You kill the wolf!
Okawaru accepts your kill. The wolf bites you but does no damage.
You closely miss the wolf.
Your tail-slap misses the wolf.
The wolf bites you but does no damage. x2
You hit the wolf but do no damage. You tail-slap the wolf.
The wolf is lightly wounded.
The wolf bites you but does no damage.
You barely miss the wolf.
Your tail-slap misses the wolf.
The wolf is lightly wounded.
The wolf barely misses you.
You hit the wolf but do no damage.
The wolf is lightly wounded.
The wolf bites you but does no damage. x2
You closely miss the wolf.
The wolf is lightly wounded.
The wolf bites you but does no damage.
You hit the wolf.
The wolf is moderately wounded.
The wolf bites you but does no damage.
You barely miss the wolf.
The wolf is moderately wounded.
The wolf bites you but does no damage. x2
You sock the wolf!
Your tail-slap misses the wolf.
The wolf is severely wounded.
The wolf barely misses you.
You barely miss the wolf.
The wolf is severely wounded.
The wolf barely misses you.
You hit the wolf.
Your tail-slap misses the wolf.
The wolf is severely wounded.
The wolf bites you but does no damage. x2
You hit the wolf.
The wolf is almost dead.
The wolf bites you but does no damage.
You closely miss the wolf.
The wolf is almost dead.
The wolf bites you but does no damage.
You hit the wolf.
Your tail-slap misses the wolf.
The wolf is almost dead.
The wolf barely misses you. The wolf bites you but does no damage.
You miss the wolf.
The wolf is almost dead.
The wolf bites you but does no damage.
You thump the wolf!
You kill the wolf!
Okawaru accepts your kill.
No target in view!
No target in view!
No target in view!
No target in view!
No target in view!
HP restored.
Done exploring.
You climb downwards.
Welcome back to the Lair of Beasts!
You feel a wave of frost pass over you.
There is an entrance to an ice cave on this level.
Hurry and find it before the portal melts!
You hear the loud crackling of a very distant melting archway.
The wolf bites you but does no damage. x2; The wolf bites you.
The wolf barely misses you. The wolf bites you but does no damage.
The wolf barely misses you.
The wolf bites you but does no damage. x3
There is a staircase back to the Dungeon, spattered with blood here.
You hit the wolf.
The wolf is lightly wounded.
The wolf bites you but does no damage. x2; The wolf bites you.
You miss the wolf.
The wolf is lightly wounded.
The wolf barely misses you. The wolf bites you. x2
You sock the wolf!
The wolf is severely wounded.
The wolf bites you.
The wolf bites you but does no damage. x3
The wolf completely misses you.
You closely miss the wolf.
Your tail-slap misses the wolf.
The wolf is severely wounded.
The wolf closely misses you. The wolf bites you but does no damage.
The wolf bites you. x2
You sock the wolf!
You kill the wolf!
Okawaru accepts your kill. The wolf bites you.
The wolf bites you but does no damage. x2
You have reached level 12!
You feel agile.
You completely miss the wolf. You tail-slap the wolf.
The wolf is moderately wounded.
The wolf bites you but does no damage. x2; The wolf bites you.
You sock the wolf!
The wolf is severely wounded.
The wolf bites you but does no damage. The wolf bites you.
You are too injured to fight recklessly!
You are too injured to fight recklessly!
You are too injured to fight recklessly!
You are too injured to fight recklessly!
You are too injured to fight recklessly!
You are too injured to fight recklessly!
You are too injured to fight recklessly!
You are too injured to fight recklessly!
You are too injured to fight recklessly!
You are too injured to fight recklessly!
You are too injured to fight recklessly!
You are too injured to fight recklessly!
You are too injured to fight recklessly!
You thump the wolf!
You kill the wolf!
Okawaru accepts your kill. The wolf bites you but does no damage.
You miss the wolf. The wolf closely misses you.
The wolf bites you but does no damage.
You sock the wolf! You tail-slap the wolf.
The wolf is almost dead.
The wolf bites you but does no damage.
You sock the wolf!
You kill the wolf!
Okawaru accepts your kill.
There is a staircase back to the Dungeon, spattered with blood here.
You hear the loud crackling of a very distant melting archway.
You hear the loud crackling of a very distant melting archway.
The crackling of melting ice is subsiding rapidly.
The walls and floor vibrate strangely for a moment.
A komodo dragon is nearby!
A komodo dragon is nearby!
A komodo dragon is nearby!
You throw a boomerang. The komodo dragon hisses angrily.
The boomerang hits the komodo dragon!
The komodo dragon is moderately wounded.
You throw a boomerang.
The boomerang barely misses the komodo dragon.
You throw a boomerang. The boomerang hits the komodo dragon!
The komodo dragon is heavily wounded.
You throw a boomerang.
The boomerang closely misses the komodo dragon.
You throw a boomerang.
The boomerang hits the komodo dragon but does no damage.
The komodo dragon is heavily wounded.
You throw a boomerang. The boomerang hits the komodo dragon!
The komodo dragon is severely wounded.
You roll towards the komodo dragon!
You sock the komodo dragon!
The komodo dragon is almost dead.
The komodo dragon bites you!!
You sock the komodo dragon!
You kill the komodo dragon!
Okawaru accepts your kill. Okawaru grants you throwing weapons!
Something appears at your feet!
You can't carry that many items.
HP restored.
Your pack is full.
Things that are here:
2 atropa-tipped darts {god gift}; a dream sheep skeleton Your pack is full.
Things that are here:
2 atropa-tipped darts {god gift}; a dream sheep skeleton Could not pick up 2 atropa-tipped darts {god gift} here; ([A]lways) ignore it?
Okay, then.
You drop a scarf of invisibility.
J - 2 atropa-tipped darts {god gift} You see here a dream sheep skeleton.
Okay, then.
As you read the scroll of identify, it crumbles to dust.
r - 2 scrolls of noise
As you read the scroll of identify, it crumbles to dust.
s - a potion of mutation You drop 2 scrolls of butterflies.
You drop 2 scrolls of noise.
You see here a komodo dragon corpse.
You see here a +0 flail of protection.
A bullfrog comes into view.
The bullfrog gives a loud, deep croak!
A bullfrog is nearby!
The bullfrog hits you but does no damage.
You hit the bullfrog.
The bullfrog is moderately wounded.
The bullfrog hits you but does no damage.
You thump the bullfrog!
The bullfrog is severely wounded.
The bullfrog hits you but does no damage.
You sock the bullfrog!
You kill the bullfrog!
Okawaru accepts your kill.
No target in view!
A water moccasin comes into view.
The water moccasin hisses angrily.
A water moccasin is nearby!
A water moccasin is nearby!
A water moccasin is nearby!
You barely miss the water moccasin.
Your tail-slap misses the water moccasin.
The water moccasin bites you but does no damage.
You sock the water moccasin!
Your tail-slap misses the water moccasin.
The water moccasin is heavily wounded.
The water moccasin bites you but does no damage. x2
You barely miss the water moccasin. You tail-slap the water moccasin.
The water moccasin is heavily wounded.
The water moccasin closely misses you.
You hit the water moccasin. You tail-slap the water moccasin.
The water moccasin is almost dead.
The water moccasin bites you.
You barely miss the water moccasin.
Your tail-slap misses the water moccasin.
The water moccasin is severely wounded.
The water moccasin bites you.
You are poisoned.
The water moccasin poisons you!
You thump the water moccasin!
You kill the water moccasin!
Okawaru accepts your kill.
You feel very sick.
No target in view!
No target in view!
No target in view!
No target in view!
You feel very sick.
You feel very sick.
You feel sick.
You feel sick.
You feel sick.
Magic restored.
You feel sick.
You feel sick.
You feel sick.
You feel sick.
You feel sick.
You are no longer poisoned.
L - a wand of digging (10) (gained 7 charges)
A bullfrog comes into view.
A bullfrog is nearby!
A bullfrog is nearby!
A bullfrog is nearby!
The bullfrog barely misses you.
You thump the bullfrog!
The bullfrog is heavily wounded.
The bullfrog hits you.
You sock the bullfrog! You tail-slap the bullfrog.
You kill the bullfrog!
Okawaru accepts your kill.
No target in view!
No target in view!
No target in view!
No target in view!
A water moccasin comes into view.
The water moccasin hisses angrily.
A water moccasin comes into view.
You see here an amulet of guardian spirit.
There are monsters nearby!
There are monsters nearby!
You sock the water moccasin!
The water moccasin is moderately wounded.
The water moccasin barely misses you.
You sock the water moccasin!
The water moccasin is heavily wounded.
The water moccasin barely misses you.
You barely miss the water moccasin.
Your tail-slap misses the water moccasin.
The water moccasin is heavily wounded.
The water moccasin closely misses you.
You barely miss the water moccasin.
The water moccasin is heavily wounded.
The water moccasin bites you but does no damage. x2
You hit the water moccasin.
The water moccasin is severely wounded.
The water moccasin bites you.
You barely miss the water moccasin. You tail-slap the water moccasin.
The water moccasin is severely wounded.
The water moccasin bites you but does no damage.
You hit the water moccasin.
The water moccasin is almost dead.
The water moccasin bites you.
You are poisoned.
The water moccasin poisons you!
You barely miss the water moccasin.
The water moccasin is almost dead.
You feel very sick. The water moccasin barely misses you.
You hit the water moccasin.
You kill the water moccasin!
Okawaru accepts your kill.
You feel sick.
No target in view!
No target in view!
No target in view!
Okay, then.
You feel sick.
You feel sick.
You feel sick.
You feel sick.
j - an amulet of guardian spirit You feel sick.
You feel sick.
You feel sick.
You are no longer poisoned.
A water moccasin is nearby!
A water moccasin is nearby!
A water moccasin is nearby!
The water moccasin hisses angrily.
The water moccasin bites you but does no damage.
You closely miss the water moccasin. The water moccasin barely misses you.
You sock the water moccasin!
The water moccasin is heavily wounded.
The water moccasin bites you.
You miss the water moccasin.
The water moccasin is heavily wounded.
The water moccasin bites you.
You sock the water moccasin!
The water moccasin is severely wounded.
The water moccasin bites you but does no damage.
You hit the water moccasin.
Your tail-slap misses the water moccasin.
The water moccasin is almost dead.
The water moccasin bites you but does no damage.
You hit the water moccasin.
You kill the water moccasin!
Okawaru accepts your kill.
No target in view!
No target in view!
No target in view!
You now have 791 gold pieces (gained 15).
A cane toad comes into view.
The cane toad gives a loud, deep croak!
A cane toad is nearby!
A cane toad is nearby!
A cane toad is nearby!
You roll towards the cane toad!
You closely miss the cane toad. You tail-slap the cane toad.
The cane toad is lightly wounded.
The cane toad stings you but does no damage.
You hit the cane toad.
Your tail-slap misses the cane toad.
The cane toad is lightly wounded.
The cane toad stings you.
You hit the cane toad but do no damage.
Your tail-slap misses the cane toad.
The cane toad is lightly wounded.
The cane toad stings you but does no damage.
You hit the cane toad but do no damage.
Your tail-slap misses the cane toad.
The cane toad is lightly wounded.
The cane toad stings you but does no damage.
You sock the cane toad!
The cane toad is moderately wounded.
The cane toad stings you but does no damage.
You hit the cane toad.
The cane toad is moderately wounded.
You hit the cane toad.
You tail-slap the cane toad, but do no damage.
The cane toad is heavily wounded.
The cane toad stings you!
You are poisoned.
The cane toad poisons you!
You sock the cane toad!
Your tail-slap misses the cane toad.
The cane toad is almost dead.
You feel very sick. The cane toad stings you!
You thump the cane toad!
You kill the cane toad!
Okawaru accepts your kill.
You feel sick.
No target in view!
No target in view!
No target in view!
No target in view!
No target in view!
No target in view!
No target in view!
No target in view!
You feel sick.
You feel sick.
You feel sick.
You feel sick.
You feel sick.
You feel sick.
You feel sick.
You feel sick.
You are no longer poisoned.
You now have 799 gold pieces (gained 8).
You now have 811 gold pieces (gained 12).
A rime drake comes into view.
The rime drake breathes ice at you. The flash freeze misses you.
A rime drake is nearby!
A rime drake is nearby!
A rime drake is nearby!
You throw a boomerang. The boomerang hits the rime drake.
The rime drake is lightly wounded.
You throw a boomerang.
The boomerang hits the rime drake but does no damage.
The rime drake is lightly wounded.
You throw a boomerang. The boomerang hits the rime drake.
The rime drake is moderately wounded.
You throw a boomerang. The boomerang hits the rime drake!
The rime drake is severely wounded.
You throw a boomerang. The boomerang hits the rime drake!
You kill the rime drake!
Okawaru accepts your kill.
You now have 827 gold pieces (gained 16).
Found a ring mail.
You now have 835 gold pieces (gained 8).
Key pressed, stopping explore.
Found a flail.
Found a stone staircase leading down.
o - a potion of berserk rage A wyvern comes into view.
Found a scroll labelled EMEYVVIYMN.
A wyvern is nearby!
A wyvern is nearby!
You throw a boomerang. The boomerang hits the wyvern.
The wyvern is lightly wounded.
You throw a boomerang.
The boomerang closely misses the wyvern.
The wyvern hisses menacingly.
You throw a boomerang.
The boomerang closely misses the wyvern.
You throw a boomerang. The boomerang hits the wyvern!
The wyvern is moderately wounded.
The wyvern bites you but does no damage.
You sock the wyvern!
The wyvern is severely wounded.
The wyvern bites you.
You hit the wyvern but do no damage.
The wyvern is severely wounded.
The wyvern bites you.
You hit the wyvern. You tail-slap the wyvern.
You kill the wyvern!
Okawaru accepts your kill.
No target in view!
No target in view!
You see here a wyvern corpse.
l - 6 potions of curing (gained 1)
You now have 841 gold pieces (gained 6).
r - a scroll labelled EMEYVVIYMN A cane toad comes into view.
A cane toad is nearby!
A cane toad is nearby!
You throw a boomerang. The boomerang hits the cane toad!
The cane toad is moderately wounded.
You throw a boomerang. The boomerang hits the cane toad.
The cane toad is heavily wounded.
You throw a boomerang.
The boomerang hits the cane toad but does no damage.
The cane toad is heavily wounded.
You throw a boomerang.
The boomerang completely misses the cane toad.
The cane toad stings you.
You sock the cane toad!
The cane toad is almost dead.
The cane toad stings you!
You completely miss the cane toad.
You tail-slap the cane toad, but do no damage.
The cane toad is almost dead.
You hit the cane toad but do no damage.
The cane toad is almost dead.
The cane toad stings you but does no damage.
You barely miss the cane toad.
The cane toad is almost dead.
The cane toad barely misses you.
You closely miss the cane toad.
The cane toad is almost dead.
The cane toad stings you but does no damage.
You completely miss the cane toad.
The cane toad is almost dead.
The cane toad stings you.
You are poisoned.
The cane toad poisons you!
You barely miss the cane toad.
You tail-slap the cane toad, but do no damage.
The cane toad is almost dead.
You feel very sick. The cane toad stings you!
You hit the cane toad but do no damage.
The cane toad is almost dead.
You feel very sick. The cane toad stings you.
You are too injured to fight recklessly!
You are too injured to fight recklessly!
You are too injured to fight recklessly!
You sock the cane toad!
You kill the cane toad!
Okawaru accepts your kill.
You feel very sick.
You start resting.
You feel very sick.
You feel sick. x9
You are no longer poisoned.
You start resting.
HP restored.
You enter the shallow water.
Moving in this stuff is going to be slow.
You enter the shallow water.
Moving in this stuff is going to be slow.
You enter the shallow water.
Moving in this stuff is going to be slow.
You enter the shallow water.
Moving in this stuff is going to be slow.
You enter the shallow water.
Moving in this stuff is going to be slow.
You enter the shallow water.
Moving in this stuff is going to be slow.
You enter the shallow water.
Moving in this stuff is going to be slow.
You enter the shallow water.
Moving in this stuff is going to be slow.
Found a mace.
Found a stone staircase leading down.
Your pack is full.
You see here a scroll labelled HEPNIZX FOCKO.
Unknown command.
You drop a +2 plate armour of cold resistance.
E - a scroll labelled HEPNIZX FOCKO Unknown command.
Unknown command.
You see here a +0 mace.
You see here a +0 ring mail.
Key pressed, stopping explore.
Partly explored, can't reach some places.
Partly explored, can't reach some places.
Partly explored, can't reach some places.
Partly explored, can't reach some places.
Partly explored, can't reach some places.
Partly explored, can't reach some places.
Partly explored, can't reach some places.
Partly explored, can't reach some places.
(D) Dungeon (T) Temple (L) Lair (O) Orcish Mines
Where to? (Enter - Lair:1, ? - help)
There is a stone staircase leading down here.
You climb downwards.
Found a chain mail.
Found an escape hatch in the floor.
There is a stone staircase leading up here.
Found 7 stones.
Found a scale mail.
You now have 849 gold pieces (gained 8).
Found a stone staircase leading up.
You see here a +0 scale mail.
You now have 868 gold pieces (gained 19).
A bullfrog comes into view.
A bullfrog is nearby!
A bullfrog is nearby!
Gastronok the Ponderous comes into view.
He is wearing a +1 hat of stealth.
Found an escape hatch in the ceiling.
Gastronok gurgles horribly!
The bullfrog gives a loud, deep croak!
You hear an angry hiss.
You roll towards the bullfrog!
A water moccasin comes into view.
Found 15 gold pieces.
You hit the bullfrog.
The bullfrog is moderately wounded.
The bullfrog hits you but does no damage.
The bullfrog hits you but does no damage.
The bullfrog attacks as you move away!
The bullfrog hits you but does no damage. x2
The bullfrog attacks as you move away!
The bullfrog hits you but does no damage.
The bullfrog hits you but does no damage.
The bullfrog hits you. The bullfrog attacks as you move away!
The bullfrog barely misses you. The bullfrog attacks as you move away!
The bullfrog hits you but does no damage.
The bullfrog barely misses you. The bullfrog attacks as you move away!
The bullfrog hits you but does no damage.
The bullfrog closely misses you. The bullfrog barely misses you.
The bullfrog attacks as you move away! The bullfrog barely misses you.
The bullfrog attacks as you move away! The bullfrog hits you.
The bullfrog hits you but does no damage.
The bullfrog attacks as you move away!
The bullfrog hits you but does no damage.
The bullfrog hits you. The bullfrog attacks as you move away!
The bullfrog hits you but does no damage. x2
The bullfrog hits you but does no damage.
You sock the bullfrog!
The bullfrog is heavily wounded.
The bullfrog hits you.
You thump the bullfrog! You tail-slap the bullfrog.
The bullfrog is almost dead.
The water moccasin bites you but does no damage.
The bullfrog hits you.
You sock the bullfrog!
You kill the bullfrog!
Okawaru accepts your kill. The water moccasin bites you.
You closely miss the water moccasin. You tail-slap the water moccasin.
The water moccasin is lightly wounded.
The water moccasin bites you.
You are poisoned.
The water moccasin poisons you!
You hit the water moccasin but do no damage.
The water moccasin is lightly wounded.
You feel very sick.
The water moccasin bites you but does no damage.
You miss the water moccasin.
The water moccasin is lightly wounded.
You feel very sick. The water moccasin barely misses you.
The water moccasin bites you but does no damage.
You hit the water moccasin.
The water moccasin is moderately wounded.
You feel sick. The water moccasin barely misses you.
You hit the water moccasin.
The water moccasin is heavily wounded.
You feel sick.
The water moccasin bites you but does no damage.
You miss the water moccasin.
The water moccasin is moderately wounded.
You feel sick.
The water moccasin bites you but does no damage.
You hit the water moccasin.
The water moccasin is heavily wounded.
You feel sick.
The water moccasin bites you but does no damage.
You closely miss the water moccasin.
The water moccasin is heavily wounded.
You feel sick. The water moccasin bites you.
You are too injured to fight recklessly!
You are too injured to fight recklessly!
You are too injured to fight recklessly!
You are too injured to fight recklessly!
You thump the water moccasin!
The water moccasin is severely wounded.
You feel sick.
The water moccasin bites you but does no damage.
You sock the water moccasin!
You kill the water moccasin!
Okawaru accepts your kill.
You feel sick.
You feel sick.
You feel sick.
You feel sick.
You are no longer poisoned.
There is a stone staircase leading up here.
You start resting.
HP restored.
You climb upwards.
There is a stone staircase leading down here.
You start removing your armour.
You continue taking off your +2 helmet. x4
You finish taking off your +2 helmet.
You start putting on your armour.
You continue putting on the +0 hat of Fortification {Will+}. x5
You finish putting on the +0 hat of Fortification {Will+}.
Unknown command.
You climb downwards.
Level annotation: Gastronok
There is a stone staircase leading up here.
You see here a bullfrog corpse.
Gastronok gurgles horribly!
You throw a boomerang. The boomerang hits Gastronok!
Gastronok is lightly wounded.
Gastronok waves his eye-stalks in wide circles.
The air twists around and strikes you!!
You throw a boomerang.
The boomerang hits Gastronok but does no damage.
Gastronok is lightly wounded.
You throw a boomerang.
The boomerang hits Gastronok but does no damage.
Gastronok is lightly wounded.
You throw a boomerang. The boomerang hits Gastronok!
Gastronok is lightly wounded.
You throw a boomerang. The boomerang hits Gastronok.
Gastronok is lightly wounded.
You throw a boomerang.
The boomerang hits Gastronok but does no damage.
Gastronok is lightly wounded.
You throw a boomerang. The boomerang hits Gastronok!
Gastronok is moderately wounded.
You throw a boomerang. The boomerang hits Gastronok!
Gastronok is moderately wounded.
You wobble.
You throw a boomerang. The boomerang hits Gastronok!
Gastronok is moderately wounded.
You throw a boomerang. The boomerang hits Gastronok!
Gastronok is heavily wounded.
Gastronok waves his eye-stalks in wide circles.
The air twists around and strikes you!!
You are too injured to fight recklessly!
You roll towards Gastronok!
You roll towards Gastronok!
You take on a slight green cast.
You sock Gastronok! You tail-slap Gastronok.
Gastronok is heavily wounded.
You hit Gastronok. You tail-slap Gastronok.
Gastronok is heavily wounded.
You hit Gastronok.
Your tail-slap misses Gastronok.
Gastronok is heavily wounded.
Gastronok bites you!!
* * * LOW HITPOINT WARNING * * *
You gain the combat prowess of a mighty hero.
You sock Gastronok!
You tail-slap Gastronok, but do no damage.
Gastronok is severely wounded.
Gastronok bites you!!
You die...

.......####.#
.......# #.####.#P#
..#...## #.........
.#....# ##.#P#..###
###...# #..### # #
.PP...# ##..# .#
....#.P# ##.###
#..# #.##..##
#..#.#########.....
### #.#
##.....@w......w...
#.##.#####........
###### #........
#........ ....S...#
........P
##.<.....#
#.#...#.# $....##..


You could see Gastronok.

Vanquished Creatures
  2 boulder beetles
  3 two-headed ogres
  Pikel (D:6)
  2 deep elf zephyrmancers (D:10)
  An ugly thing (D:11)
  Joseph (D:10)
  3 cane toads (Lair:1)
  A komodo dragon (Lair:1)
  A rime drake (Lair:1)
  A troll (D:5)
  Prince Ribbit (D:6)
  Grinder (D:4)
  6 dream sheep
  A shadow (D:10)
  5 yaks
  2 wyverns
  Grum (D:9)
  3 vampire mosquitoes (D:11)
  4 wargs
  Menkaure (D:6)
  9 water moccasins
  Pargi (D:3)
  A swamp drake (D:10)
  An ice beast (D:6)
  6 orc warriors
  4 black bears
  An ogre (D:6)
  8 wolves
  2 centaurs (D:5)
  4 lemures (D:6)
  2 phantoms
  2 kobold brigands (D:10)
  Blork the orc (D:5)
  11 bullfrogs
  4 necrophages
  4 scorpions
  4 wights
  14 killer bees
  4 howler monkeys
  A crimson imp (D:10)
  9 orc priests
  4 hounds
  2 jellies
  3 gnoll boudas
  An iron imp (D:10)
  Ijyb (D:3)
  5 iguanas (D:5)
  18 orc wizards
  Robin (D:3)
  12 gnolls
  8 adders
  3 shadow imps
  2 white imps
  3 ufetubi
  3 worms
  A dart slug (D:1)
  54 orcs
  9 ball pythons
  5 bats
  2 bat zombies (D:6)
  7 endoplasms
  2 giant cockroaches
  17 goblins
  14 hobgoblins
  11 jackals
  23 kobolds
  8 quokkas
  A frilled lizard (D:1)
  3 rats
357 creatures vanquished.

Vanquished Creatures (others)
  A killer bee (D:10)
  An orc wizard (D:10)
  3 bats (D:7)
  A bush (D:5)
  A fungus (Lair:1)
  4 plants
  4 withered plants (D:3)
15 creatures vanquished.

Grand Total: 372 creatures vanquished

Notes
Turn   | Place    | Note
-------+----------+-------------------------------------------
     0 | D:1      | sleeves the Armataur Wanderer began the quest for the Orb.
     0 | D:1      | sleeves set off with the following items: a +3
                  | quarterstaff, a +0 helmet, a scroll of teleportation, a +0
                  | leather armour.
     0 | D:1      | Reached XP level 1. HP: 19/19 MP: 1/1
    27 | D:1      | Reached XP level 2. HP: 26/26 MP: 2/2
   270 | D:1      | Reached skill level 5 in Staves
   339 | D:1      | Reached skill level 1 in Armour
   512 | D:1      | Reached XP level 3. HP: 24/32 MP: 3/3
   835 | D:2      | Found a faded altar of an unknown god.
   924 | D:2      | Reached skill level 2 in Armour
  1109 | D:2      | Identified the +3 gold dragon scales "Zatitt" {Harm rElec
                  | rPois rF+ rC+ Str-5 Stlth+}
  1656 | D:3      | Noticed Pargi
  1770 | D:3      | Found a white marble altar of Elyvilon.
  1784 | D:3      | Noticed Ijyb
  1818 | D:3      | Killed Ijyb
  1819 | D:3      | Reached XP level 4. HP: 35/39 MP: 4/4
  1891 | D:3      | Found a runed translucent gate.
  1892 | D:3      | Found a runed translucent gate.
  1892 | D:3      | Found a runed translucent gate.
  1902 | D:3      | Reached skill level 3 in Armour
  1909 | D:3      | Noticed Darkkill's ghost (amateur HuHu)
  1909 | D:3      | Noticed Darkkill's ghost (amateur HuHu)
  1909 | D:3      | Noticed zishaf's ghost (amateur TeAE)
  2167 | D:3      | Noticed Robin
  2343 | D:3      | Killed Robin
  2361 | D:3      | Found a broken altar of Ashenzari.
  2641 | D:3      | Killed Pargi
  2642 | D:3      | Reached skill level 6 in Staves
  2642 | D:3      | Reached skill level 4 in Armour
  2642 | D:3      | Reached XP level 5. HP: 34/44 MP: 5/5
  2772 | D:4      | Noticed a black bear
  2974 | D:4      | Reached XP level 6. HP: 53/53 MP: 6/6
  3081 | D:3      | Reached skill level 5 in Armour
  3241 | D:4      | HP: 26/53 [orc wizard/magic dart (1)]
  3244 | D:4      | HP: 11/53 [black bear (4)]
  3247 | D:4      | HP: 2/53 [something/magic dart (4)]
  3415 | D:5      | Entered Level 5 of the Dungeon
  3461 | D:4      | Found a shimmering altar of Xom.
  3462 | D:4      | Found a glowing golden altar of the Shining One.
  3462 | D:4      | Noticed Grinder
  3472 | D:4      | HP: 23/53 [Grinder (6)]
  3474 | D:4      | Paralysed by Grinder for 5 turns
  3478 | D:4      | HP: 2/53 [Grinder/nerve-wracking pain (13)]
  3709 | D:5      | Reached skill level 6 in Armour
  3709 | D:5      | Reached XP level 7. HP: 50/59 MP: 7/7
  3750 | D:5      | Found a radiant altar of Vehumet.
  3890 | D:5      | Reached skill level 7 in Staves
  4118 | D:5      | Reached skill level 7 in Armour
  4292 | D:5      | Found Esueshrir's Antique Armour Emporium.
  4432 | D:5      | Noticed Blork the orc
  4441 | D:5      | Killed Blork the orc
  4442 | D:5      | Reached XP level 8. HP: 65/66 MP: 8/8
  4539 | D:5      | Reached skill level 8 in Armour
  4545 | D:5      | Reached skill level 8 in Staves
  4549 | D:5      | Noticed a troll
  4632 | D:4      | Killed Grinder
  4633 | D:4      | Reached skill level 9 in Armour
  5314 | D:5      | Reached skill level 9 in Staves
  5434 | D:5      | Reached XP level 9. HP: 54/72 MP: 9/9
  5701 | D:5      | Reached skill level 3 in Fighting
  5717 | D:5      | HP: 33/73 [troll (7)]
  5718 | D:5      | Killed a troll
  5719 | D:5      | Reached skill level 10 in Armour
  5929 | D:6      | Found Orizeffa's Armour Emporium.
  6040 | D:6      | Found a sacrificial altar of Ru.
  6297 | D:6      | Noticed Prince Ribbit
  6302 | D:6      | Killed Prince Ribbit
  6303 | D:6      | Reached skill level 4 in Fighting
  6362 | D:6      | Noticed Menkaure
  6366 | D:6      | HP: 21/75 [??? (19)]
  6369 | D:6      | Killed Menkaure
  6549 | D:6      | Noticed Pikel
  6563 | D:6      | Killed Pikel
  6564 | D:6      | Reached skill level 11 in Armour
  6897 | D:6      | Reached skill level 5 in Fighting
  6897 | D:6      | Reached skill level 10 in Staves
  6973 | D:6      | Found an ancient bone altar of Kikubaaqudgha.
  7219 | D:7      | Reached XP level 10. HP: 84/86 MP: 10/10
  7619 | D:7      | Found a snail-covered altar of Cheibriados.
  7817 | D:7      | Found a shadowy altar of Dithmenos.
  8049 | D:7      | Found a staircase to the Ecumenical Temple.
  8382 | Temple   | Entered the Ecumenical Temple
  8599 | Temple   | Became a worshipper of Warmaster Okawaru
  9236 | D:8      | Noticed a two-headed ogre
  9363 | D:8      | Identified the +8 sling of Cataclysm {freeze, rF+}
  9494 | D:8      | Found a flagged portal.
  9504 | Bailey   | Entered a bailey
  9509 | Bailey   | Noticed an orc warlord
  9518 | Bailey   | Acquired the ring of Puolust {rElec rC+ Str-4 Int+6}
  9531 | Bailey   | Reached skill level 1 in Invocations
  9563 | Bailey   | Reached skill level 1 in Throwing
  9589 | Bailey   | HP: 36/87 [orc warrior/+0 war axe (11)]
  9595 | Bailey   | HP: 36/87 [hobgoblin/+0 war axe (2)]
  9600 | Bailey   | HP: 19/87 [orc warrior/+0 war axe (1)]
  9602 | Bailey   | Found a runed translucent gate.
  9602 | Bailey   | Found a runed translucent gate.
  9602 | Bailey   | Found a runed translucent gate.
  9607 | Bailey   | HP: 9/87 [orc warlord/+7 broad axe (12)]
  9608 | Bailey   | HP: 4/87 [gnoll/+0 hand axe (6)]
  9613 | Bailey   | HP: 5/87 [gnoll/+0 hand axe (1)]
  9763 | Bailey   | HP: 43/87 [orc warrior/+0 war axe (6)]
  9767 | Bailey   | HP: 19/87 [orc warrior/+0 war axe (9)]
  9773 | Bailey   | Reached skill level 2 in Invocations
 10324 | D:8      | HP: 38/87 [two-headed ogre/+0 giant club (15)]
 10326 | D:8      | Killed a two-headed ogre
 10326 | D:8      | Reached * piety under Okawaru
 10327 | D:8      | Reached skill level 2 in Throwing
 10327 | D:8      | Reached skill level 3 in Invocations
 10512 | D:8      | Identified the +8 falchion "Wanampi" {protect, rN+}
 10579 | D:8      | Reached skill level 3 in Throwing
 11075 | D:9      | Reached skill level 4 in Invocations
 11177 | D:9      | Found a staircase to the Orcish Mines.
 11204 | D:9      | Identified the +0 leather armour of Melum {Str+3}
 11412 | D:9      | Reached skill level 4 in Throwing
 11490 | D:9      | Found a sparkling altar of Nemelex Xobeh.
 11564 | D:9      | Noticed a two-headed ogre
 11596 | D:9      | HP: 43/87 [poisoned by a water moccasin]
 11674 | D:9      | HP: 41/87 [two-headed ogre/+0 giant club (10)]
 11678 | D:9      | Killed a two-headed ogre
 11678 | D:9      | Reached ** piety under Okawaru
 11679 | D:9      | Reached skill level 5 in Invocations
 12324 | D:10     | Entered Level 10 of the Dungeon
 12324 | D:10     | Found an opulent altar of Gozag.
 12324 | D:10     | Found a stormy altar of Qazlal.
 12373 | D:10     | Noticed Grum
 12389 | D:9      | HP: 43/87 [wolf[Grum] (1)]
 12394 | D:9      | HP: 31/87 [Grum/-2 glaive (7)]
 12398 | D:9      | Killed Grum
 12399 | D:9      | Reached skill level 5 in Throwing
 12587 | D:10     | Reached *** piety under Okawaru
 12588 | D:10     | Reached XP level 11. HP: 93/94 MP: 15/15
 12751 | D:10     | Noticed Joseph
 12885 | D:10     | Found a staircase to the Lair.
 12911 | D:10     | Reached skill level 6 in Invocations
 13295 | D:10     | Killed Joseph
 13513 | D:10     | Identified the +3 leather armour of Day {Harm rN+}
 13862 | D:9      | Reached skill level 6 in Throwing
 14120 | D:10     | Noticed a deep elf zephyrmancer
 14133 | D:10     | Killed a deep elf zephyrmancer
 14133 | D:10     | Reached **** piety under Okawaru
 14135 | D:10     | Noticed a deep elf zephyrmancer
 14139 | D:10     | HP: 47/94 [deep elf zephyrmancer/bolt of lightning (5)]
 14143 | D:10     | Killed a deep elf zephyrmancer
 14143 | D:10     | Received a gift from Okawaru
 14144 | D:10     | Reached skill level 7 in Invocations
 14148 | D:10     | Identified the +0 hat of Fortification {Will+}
 14492 | D:11     | Noticed a two-headed ogre
 14596 | D:11     | Noticed a boulder beetle
 14638 | D:11     | Killed a boulder beetle
 14639 | D:11     | Reached skill level 7 in Throwing
 14817 | D:11     | Noticed a two-headed ogre
 14865 | D:11     | Killed a two-headed ogre
 14866 | D:11     | Reached skill level 8 in Invocations
 15071 | D:11     | Noticed a green ugly thing
 15099 | D:11     | Killed a green ugly thing
 15099 | D:11     | Received a gift from Okawaru
 15109 | D:11     | HP: 47/94 [poisoned by a green ugly thing]
 15284 | Lair:1   | Entered Level 1 of the Lair of Beasts
 15284 | Lair:1   | Noticed a boulder beetle
 15311 | Lair:1   | HP: 32/94 [boulder beetle (38)]
 15313 | Lair:1   | Killed a boulder beetle
 15527 | Lair:1   | Reached ***** piety under Okawaru
 15541 | D:10     | HP: 39/94 [dream sheep (18)]
 15556 | D:10     | Reached skill level 8 in Throwing
 15784 | Lair:1   | Reached skill level 9 in Invocations
 16005 | Lair:1   | Reached XP level 12. HP: 72/100 MP: 18/18
 16077 | Lair:1   | Received a gift from Okawaru
 16862 | Lair:1   | HP: 50/100 [poisoned by a cane toad]
 17320 | Lair:2   | Noticed Gastronok
 17526 | Lair:2   | HP: 27/100 [Gastronok (27)]
 17528 | Lair:2   | Slain by Gastronok

Illustrated notes

Levels and vault maps discovered:
D:1:      minmay_arrival_doors, layout_rooms, nicolae_hexahallways,
          bh_walls_and_bars
D:2:      layout_basic, shapermc_ecumenical_altar_flowoftime
D:3:      layout_basic, mainiacjoe_overflow_six_doors_small,
          evilmike_ruin_ashenzari, gammafunk_ghost_cemetery, uniq_pargi,
          uniq_robin, uniq_ijyb
D:4:      layout_cave_pools, gammafunk_temple_overflow_statue, kennysheep_nub,
          uniq_grinder
D:5:      layout_basic, mainiacjoe_overflow_catwalk, serial_shops,
          nicolae_take_the_stairs, kb_lookout_dungeons_type,
          minmay_stone_trees_small, hangedman_decor_opposing, nzn_random_ring,
          uniq_blork_the_orc
D:6:      layout_basic, lemuel_zombie_altar_kikubaaqudgha,
          nicolae_ru_awakened_eye, serial_shops, shop, corexii_leaking_fountain,
          uniq_menkaure, uniq_pikel, uniq_prince_ribbit1
D:7:      layout_loops_ring, mainiacjoe_overflow_concentric_impassable,
          grunt_dithmenos_smoke, temple_doors_cd, roderic_batcave, minivault_4,
          minmay_statues_item, st_stairs_9
D:8:      layout_gridville, enter_bailey_3
D:9:      layout_loops_corners, old_standard_altar, david_orc_3
D:10:     layout_small_grid, nicolae_gozag_seed_capital,
          mainiacjoe_overflow_tiny_flanked, erik_lair_orcish_takeover,
          serial_bayou_pond_e, hangedman_minor_magic, uniq_grum, uniq_joseph
D:11:     lemuel_troll_bridge, layout_basic, nzn_ghost_randoct
Temple:   dpeg_chambers_temple
Lair:1:   layout_hall_layers, portal_ice_cave_entry_pillars_2, st_stairs_11,
          chequers_serial_rivers_large_a
Lair:2:   layout_loops_ring, hibernation_bobbens, uniq_gastronok

Skill      XL: |  1  2  3  4  5  6  7  8  9 10 11 |
---------------+----------------------------------+-----
Staves         | 5 6 7 9 10 | 10.3
Armour         | 1 2 4 6 7 9 11 | 11.5
Fighting       | 5 |  5.6
Invocations    | 5 9 |  9.7
Throwing       | 5 8 |  8.9
Stealth        | |  2.1

Action                   |  1- 3 |  4- 6 |  7- 9 | 10-12 || total
-------------------------+-------+-------+-------+-------++-------
Melee: Quarterstaff      |   110 |   160 |   302 |   877 ||  1449
       Tailslap          |     5 |    18 |    39 |   120 ||   182
       Trident           |       |       |       |    23 ||    23
Throw: Dart              |       |       |       |    34 ||    34
       Boomerang         |       |       |       |    55 ||    55
Invok: Heroism           |       |       |       |     4 ||     4
Evoke: Wand              |       |       |       |     2 ||     2
  Use: Potion            |       |     2 |     1 |     3 ||     6
       Scroll            |       |     1 |       |    20 ||    21
 Stab: Sleeping          |     7 |     2 |     1 |       ||    10
       Distracted        |       |     1 |       |       ||     1
Armor: Leather armour    |    40 |    44 |       |       ||    84
       Ring mail         |       |   103 |    75 |       ||   178
       Scale mail        |       |       |    92 |   640 ||   732
Dodge: Dodged            |    44 |    96 |    87 |   234 ||   461

Table legend: (Time is in decaauts)
 A = Elapsed time spent in this place.
 B = Non-inter-level travel time spent in this place.
 C = Inter-level travel time spent in this place.
 D = Time resting spent in this place.
 E = Time spent auto-exploring this place.
 F = Levels seen in this place.
 G = Mean time per level.
                   A        B        C        D        E       F      G
               +--------+--------+--------+--------+--------+-----+--------+
         Total |  17337 |  16119 |   1218 |   2257 |  10253 |  15 | 1155.8 |
       Dungeon |  14699 |  13574 |   1125 |   1717 |   8790 |  11 | 1336.3 |
        Temple |    230 |    195 |     35 |      0 |    186 |   1 |  230.0 |
          Lair |   1741 |   1685 |     56 |    233 |   1148 |   2 |  870.5 |
        Bailey |    666 |    666 |      0 |    307 |    128 |   1 |  666.0 |
               +--------+--------+--------+--------+--------+-----+--------+

Top non-repeatable levels by time:
     D:9: 1991 daAuts
     D:5: 1966 daAuts
    D:10: 1821 daAuts
     D:3: 1572 daAuts
     D:7: 1490 daAuts
  Lair:1: 1442 daAuts
     D:6: 1259 daAuts
     D:8: 1210 daAuts
     D:4: 1054 daAuts
    D:11: 786 daAuts
     D:1: 784 daAuts
     D:2: 760 daAuts
  Bailey: 666 daAuts
  Lair:2: 298 daAuts
  Temple: 230 daAuts
